AoeStats
← TW_Jerry YT @TW-aoe2noobs

Arena

508235741Analyzed
4v4 RM · 11d ago on Sep 21, 2026· 47m 34s· 8 players
Game mode
Random Map
Map size
Large (8 player)
Population
200
Speed
Normal
Resources
Standard
Victory
Conquest
Starting age
Dark Age
Ending age
Imperial Age
RankedLock teamsTeams togetherTeam positionsShared explorationLock speedFull tech treeHidden civsTurbo modeCheats
Victory
Defeat
🇩🇪 Khmer · Germany
1688
+13
🇨🇳 Britons · China
1606
+16
🇹🇼 Gurjaras · Taiwan
1583
+17
🇩🇪 Jurchens · Germany
1571
+18
🇹🇼 Ethiopians · Taiwan
1688
-19
1640
-17
🇹🇼 Spanish · Taiwan
1583
-15
🇹🇼 Spanish · Taiwan
1548
-13
DoubleZX
10:03 Feudal Age
13:40 Castle Age
11:58 Double-Bit Axe
12:42 Horse Collar
15:06 Bow Saw
15:46 Wheelbarrow
19:41 Heavy Plow
23:12 Gold Mining
27:20 Imperial Age
24:37 Town Watch
25:47 Fortified Wall
26:25 Gold Shaft Mining
26:11 Ballistics
26:29 Hand Cart
26:46 Guard Tower
26:47 Fletching
26:58 Scale Mail Armor
27:28 Forging
27:43 Bodkin Arrow
29:03 Chemistry
28:30 Chain Mail Armor
27:38 Pikeman
28:38 Stone Mining
28:16 Halberdier
30:33 Iron Casting
30:16 Bracer
31:23 Keep
33:01 Conscription
34:41 Fortified Bastions
35:22 Masonry
34:53 Treadmill Crane
35:37 Squires
35:37 Squires
36:22 Architecture
38:39 Blast Furnace
37:26 Arrowslits
39:41 Stone Shaft Mining
39:03 Gambesons
39:54 Crop Rotation
40:35 Two-Man Saw
40:55 Siege Engineers
40:47 Murder Holes
鼠條
12:00 Feudal Age
12:43 Double-Bit Axe
12:43 Horse Collar
15:42 Castle Age
16:25 Wheelbarrow
20:25 Hand Cart
21:42 Heavy Plow
21:54 Bow Saw
22:14 Heavy Plow
23:19 Gold Mining
23:20 Stone Mining
24:59 Gold Shaft Mining
25:03 Stone Shaft Mining
25:25 Loom
25:55 Town Watch
26:19 Scale Barding Armor
29:26 Imperial Age
28:07 Fletching
28:17 Padded Archer Armor
28:55 Bodkin Arrow
29:08 Kshatriyas
29:52 Leather Archer Armor
30:01 Ballistics
29:55 Fortified Wall
30:40 Conscription
30:41 Frontier Guards
31:50 Chemistry
31:45 Bloodlines
31:35 Husbandry
32:34 Thumb Ring
33:41 Bracer
33:27 Siege Elephant
34:50 Masonry
34:20 Treadmill Crane
35:38 Elite Chakram Thrower
43:42 Chain Barding Armor
43:33 Forging
43:51 Light Cavalry
45:45 Hussar
47:44 Caravan
Explora
10:16 Feudal Age
13:12 Castle Age
11:17 Horse Collar
12:06 Double-Bit Axe
14:57 Bow Saw
18:50 Wheelbarrow
18:33 Loom
19:12 Town Watch
20:22 Heavy Plow
21:21 Elite Skirmisher
22:44 Hand Cart
22:55 Gold Mining
25:21 Gold Shaft Mining
24:53 Fletching
25:37 Ballistics
25:34 Bodkin Arrow
26:04 Padded Archer Armor
33:25 Imperial Age
31:02 Scale Barding Armor
31:08 Forging
31:33 Bloodlines
31:44 Husbandry
32:05 Chain Barding Armor
32:59 Tusk Swords
33:29 Elite Battle Elephant
34:52 Plate Barding Armor
35:26 Crop Rotation
38:50 Conscription
39:32 Hoardings
39:09 Masonry
39:59 Chemistry
39:21 Bracer
40:00 Iron Casting
39:39 Bracer
39:35 Murder Holes
40:52 Leather Archer Armor
42:29 Siege Engineers
42:54 Architecture
44:11 Elite Ballista Elephant
44:54 Double Crossbow
46:35 Town Patrol
47:25 Coinage
48:17 Blast Furnace
克莱因蓝
11:14 Feudal Age
11:55 Double-Bit Axe
13:07 Wheelbarrow
12:24 Horse Collar
14:55 Castle Age
13:19 Loom
17:04 Fletching
17:48 Bow Saw
17:43 Gold Mining
18:21 Bodkin Arrow
22:30 Wheelbarrow
22:26 Padded Archer Armor
24:17 Ballistics
24:29 Loom
24:52 Town Watch
30:15 Imperial Age
28:36 Leather Archer Armor
28:07 Treadmill Crane
28:16 Town Watch
29:49 Stone Mining
30:34 Gold Shaft Mining
30:58 Bracer
31:59 Chemistry
31:04 Elite Longbowman
32:04 Conscription
32:48 Guilds
33:33 Conscription
35:40 Yeomen
39:16 Yeomen
40:20 Ring Archer Armor
40:09 Masonry
40:08 Siege Engineers
40:34 Masonry
42:35 Warwolf
43:09 Architecture
42:36 Murder Holes
44:42 Coinage
44:31 Heavy Plow
45:32 Two-Man Saw
45:28 Fortified Wall
46:37 Onager
TW_andy.fet
10:32 Feudal Age
10:53 Feudal Age
14:52 Castle Age
13:09 Double-Bit Axe
13:06 Horse Collar
13:44 Padded Archer Armor
16:00 Gold Mining
16:27 Leather Archer Armor
23:53 Husbandry
26:11 Bloodlines
27:26 Loom
28:57 Bow Saw
29:44 Heavy Plow
29:36 Stone Mining
30:36 Inquisition
30:46 Scale Barding Armor
30:52 Forging
32:31 Wheelbarrow
37:00 Forging
37:10 Chain Barding Armor
39:02 Hand Cart
41:23 Imperial Age
40:04 Stone Shaft Mining
44:38 Hand Cart
TW_Jerry YT @TW-aoe2noobs
10:31 Feudal Age
14:25 Castle Age
12:35 Double-Bit Axe
12:35 Horse Collar
15:21 Bow Saw
15:13 Heavy Plow
18:45 Loom
22:24 Wheelbarrow
22:04 Gold Mining
22:36 Stone Mining
24:21 Gold Shaft Mining
27:53 Imperial Age
26:52 Scale Mail Armor
26:59 Scale Barding Armor
27:05 Forging
27:12 Bloodlines
27:02 Husbandry
28:13 Hand Cart
28:19 Chain Barding Armor
28:57 Conscription
29:14 Iron Casting
28:11 Elite Steppe Lancer
28:32 Capped Ram
30:08 Siege Engineers
31:38 Chemistry
32:21 Plate Barding Armor
34:02 Elite Iron Pagoda
36:07 Blast Furnace
36:02 Fortified Bastions
38:40 Stone Shaft Mining
40:52 Light Cavalry
41:26 Siege Ram
TWNBS_Jian Hei
10:59 Feudal Age
12:03 Horse Collar
12:09 Double-Bit Axe
14:58 Castle Age
16:04 Bow Saw
15:55 Heavy Plow
20:58 Wheelbarrow
21:29 Gold Mining
21:53 Stone Mining
23:15 Loom
23:45 Hand Cart
28:02 Imperial Age
26:25 Gold Shaft Mining
25:40 Town Watch
26:50 Scale Mail Armor
27:00 Forging
27:43 Squires
27:59 Chain Mail Armor
28:06 Capped Ram
30:00 Chemistry
29:27 Conscription
29:12 Torsion Engines
30:31 Two-Man Saw
29:24 Siege Ram
30:47 Ballistics
30:11 Heavy Scorpion
30:36 Siege Ram
31:52 Siege Engineers
31:45 Fletching
32:26 Guilds
36:22 Masonry
36:33 Conscription
35:47 Sappers
37:52 Halberdier
39:13 Plate Mail Armor
39:19 Iron Casting
斷水流大師兄
11:26 Feudal Age
15:57 Castle Age
14:31 Double-Bit Axe
14:28 Horse Collar
17:20 Padded Archer Armor
22:48 Bloodlines
22:39 Husbandry
24:18 Leather Archer Armor
29:23 Loom
30:50 Wheelbarrow
34:08 Imperial Age
33:54 Wheelbarrow
34:44 Scale Barding Armor
36:41 Bow Saw
36:52 Heavy Plow
38:40 Chain Barding Armor
38:10 Cavalier
40:11 Two-Man Saw
40:05 Plate Barding Armor
39:42 Forging
39:59 Paladin
41:56 Pikeman
42:36 Squires
Connection lost

Rejoining the realm…

Still unreachable

The connection could not be restored.

Session expired

The server has moved on; the page needs a fresh start.